 Dungeon Sprint DCSS version 0.31-a0-949-g57150269e1 (webtiles) character file.

Game seed: 5005663523412289049

19801 rocky1 the Wrestler (level 12, -3/70 (73) HPs)
             Began as a Tengu Shapeshifter on Oct 23, 2023.
             Was an Initiate of Gozag.
             Slain by a profane servitor
             ... wielding a +1 demon whip of venom
              (20 damage)
             ... in the Dungeon (Sprint VII: "The Pits").
             The game lasted 00:14:14 (3697 turns).

rocky1 the Wrestler (Tengu Shapeshifter)            Turns: 3697, Time: 00:14:15

HP:   -3/70 (73)    AC: 11    Str: 18    XL:     12   Next: 72%
MP:   20/20         EV: 21    Int: 14    God:    Gozag
Gold: 177           SH:  0    Dex: 15    Spells: 10/20 levels left

rFire   . .          .
                       - Unarmed
rCold   . . .        (shield currently unavailable)
rNeg    . . .        u - +5 ring mail
rPois   .            (helmet restricted)
rElec   .            v - +0 cloak
rCorr   .            (gloves currently unavailable)
SInv    .            (boots unavailable)
Will    .....        a - amulet of regeneration
Stlth   +            q - +3 ring of evasion
HPRegen 1.11/turn    s - +3 ring of intelligence
MPRegen 0.17/turn

%: no teleportation, acrobat
@: mighty, blade hands, flying, hasted, wreathed by umbra, studying Maces &
Flails, lightly drained, invisible, very quick
A: flying, beak, talons 3, evasive flight, acrobatic
a: Begin Untransformation, Renounce Religion, Potion Petition, Call Merchant,
Bribe Branch


You were in the Dungeon.
You worshipped Gozag.
Gozag was aware of your devotion.
You had blades for hands.
You visited 1 branch You collected 8852 gold pieces.
You spent 2675 gold pieces at shops.
You paid 6000 gold pieces to Gozag.

Inventory:

Hand Weapons
 K - the +9 long sword of Disgust {spect, rPois Int-4 Dex+4}
   (You found it in the Dungeon)

   Int-4:     It affects your intelligence (-4).
   Dex+4:     It affects your dexterity (+4).
   rPois:     It protects you from poison
 M - the +10 zealot's sword {holy, Zealotry, *Rage rN+ EV+3}
   (You found it in the Dungeon)

   Zealotry:  Whenever the wielder enters a berserk rage, their allies are
   berserked alongside them.
   EV+3:      It affects your evasion (+3).
   rN+:       It protects you from negative energy.
   *Rage:     It berserks you when you make melee attacks (+20% chance).
Missiles
 E - 6 javelins
Armour
 o - a +3 chain mail
 u - a +5 ring mail (worn)
 v - a +0 cloak (worn)
Jewellery
 a - an amulet of regeneration (around neck)
 q - a +3 ring of evasion (left blade hand)
 s - a +3 ring of intelligence (right blade hand)
 F - an amulet of reflection
 G - an amulet of guardian spirit
 H - a ring of willpower
Talismans
 c - a beast talisman
 d - a flux talisman
 p - a blade talisman (active)
Wands
 y - a wand of roots (12)
 J - a wand of mindburst (9)
 L - a wand of charming (2)
 N - a wand of polymorph (7)
 O - a wand of flame (13)
Scrolls
 j - 3 scrolls of blinking
 l - 2 scrolls of vulnerability
 m - 5 scrolls of amnesia
 n - a scroll of summoning
 x - 2 scrolls of fog
 A - a scroll of fear
 C - 4 scrolls of enchant weapon
 D - 2 scrolls of enchant armour
Potions
 b - 2 potions of lignification
 e - 3 potions of curing
 f - 3 potions of heal wounds
 g - 2 potions of haste
 h - 4 potions of magic
 i - 7 potions of berserk rage
 r - a potion of mutation
 t - a potion of might
 z - 2 potions of attraction
 B - 3 potions of brilliance
 I - a potion of resistance
 P - a potion of ambrosia


   Skills:
 * Level 8.1 Fighting
 + Level 10.9 Armour
 + Level 8.0 Dodging
 + Level 23.8 Unarmed Combat
 * Level 4.8 Spellcasting
 * Level 6.9 Conjurations
 * Level 5.6 Fire Magic
 * Level 6.6 Air Magic
 * Level 13.7 Shapeshifting


You had 10 spell levels left.
You knew the following spells:

 Your Spells              Type           Power      Damage    Failure   Level
a - Shock                 Conj/Air       88%        1d8       1%          1
b - Swiftness             Air            21%        N/A       5%          3
c - Plasma Beam           Fire/Air       10%        2x1d21    98%         6

Your spell library contained the following spells:

 Spells                   Type           Power      Damage    Failure   Level
 Airstrike                Air            10%        2d(2-18)  19%         4
 Arcjolt                  Conj/Air       11%        1d21      43%         5
 Vhi's Electric Charge    Tloc/Air       24%        N/A       56%         4


Dungeon Overview and Level Annotations

Branches:
Dungeon (1/1)

Altars:
Ashenzari
Cheibriados
Dithmenos
Elyvilon
Fedhas
Gozag
Hepliaklqana
Kikubaaqudgha
Makhleb
Nemelex Xobeh
Okawaru
Qazlal
Ru
Sif Muna
Trog
Uskayaw
Vehumet
Wu Jian
Xom
Yredelemnul
Zin
The Shining One
Jiyva
Lugonu

Shops:
D =**:


Innate Abilities, Weirdness & Mutations

You have blades for hands.
You are flying.
You are incapable of wielding weapons or throwing items.
You have a beak for a mouth.
You have claws for feet.
Your magical flight helps you evade attacks. (EV +4)
You can magically evade attacks while moving or waiting.


Message History

You hear two shouts!
You hear a shout!
A death cob and a profane servitor come into view.
The profane servitor is wielding a +1 demon whip of venom.
You hear a shout!
The death cob moves out of view.
The profane servitor moves out of view.
You hear a shout!
You hear a trumpeting!
There is an entrance to Simosatu's Assorted Antiques here.
You slash the earth elemental!
You claw the earth elemental, but do no damage.
The earth elemental is moderately damaged.
Unknown command.
You feel yourself speed up.
The profane servitor closely misses you.
The profane servitor hits you with a +1 demon whip of venom!
You feel drained.
You are poisoned.
You fade into invisibility!
You feel very sick.
The profane servitor hits you with a +1 demon whip of venom!!
The profane servitor draws strength from your injuries!
You are lethally poisoned!
The profane servitor completely misses you.
You feel very mighty all of a sudden.
* * * LOW HITPOINT WARNING * * *
You feel extremely sick.
The profane servitor hits you with a +1 demon whip of venom!
* * * LOW HITPOINT WARNING * * *
The profane servitor draws strength from your injuries!
The profane servitor closely misses you.
You feel much better.
* * * LOW HITPOINT WARNING * * *
You feel extremely sick.
The profane servitor closely misses you.
The profane servitor hits you with a +1 demon whip of venom.
* * * LOW HITPOINT WARNING * * *
You are more poisoned.
You feel better.
The profane servitor hits you with a +1 demon whip of venom!!
You die...
Your body crumbles into a pile of gold.

.........' #.. ## #######..# #..
#Z #..# #.. #T #..# #.. #z #..#
#.. #A #..# #..##E #..#
#..#A##############..#
############....@...............#
_________.##....................#
_________.###########++##########
_______...###########++##########
#########'##................##..#
..(.')))'.##......#..#......##..#
#########.##................''..#
...........'................''..#
'#####'#####......#..#......##...


You could see a profane servitor.

Vanquished Creatures
  A sphinx (D)
  A balrug (D)
  A ghost moth (D)
  An angel (D)
  A minotaur (D)
  An eidolon (D)
  2 hydras (D)
  A boulder beetle (D)
  A merfolk avatar (D)
  A two-headed ogre (D)
  2 death yaks (D)
  A naga warrior (D)
  A naga sharpshooter (D)
  A sea snake (D)
  2 bog bodies (D)
  A flayed ghost (D)
  2 deep elf pyromancers (D)
  An ugly thing (D)
  A guardian serpent (D)
  A smoke demon (D)
  2 elephants (D)
  An orange demon (D)
  A cane toad (D)
  2 rime drakes (D)
  An unseen horror (D)
  A kobold demonologist (D)
  An ice devil (D)
  A wandering mushroom (D)
  A glass eye (D)
  4 dream sheep (D)
  A flying skull (D)
  A vampire (D)
  A wyvern (D)
  A wraith (D)
  A redback (D)
  A steam dragon (D)
  Grum (D)
  A naga (D)
  2 acid dragons (D)
  A water moccasin (D)
  A swamp drake (D)
  An orc warrior (D)
  A sky beast (D)
  2 wolves (D)
  A centaur (D)
  A gnoll sergeant (D)
  4 killer bees (D)
  A crimson imp (D)
  A gnoll bouda (D)
  An orc priest (D)
  2 iguanas (D)
  2 orc wizards (D)
  A hell rat (D)
  7 gnolls (D)
  3 river rats (D)
  An adder zombie (D)
  An adder skeleton (D)
  8 orcs (D)
  2 ball pythons (D)
  2 giant cockroaches (D)
  4 jackals (D)
  A quokka (D)
  A ball python skeleton (D)
  A ball python zombie (D)
  A frilled lizard (D)
  A kobold (D)
  A quokka skeleton (D)
  A rat (D)
104 creatures vanquished.

Notes
Turn   | Place    | Note
-------+----------+-------------------------------------------
     0 | D        | rocky1 the Tengu Shapeshifter began the quest for the Orb.
     0 | D        | Reached XP level 1. HP: 12/12 MP: 2/2
    20 | D        | Found a bloodstained altar of Trog.
    20 | D        | Found a shimmering blue altar of Sif Muna.
    20 | D        | Found a viscous altar of Jiyva.
    20 | D        | Found a hazy altar of Hepliaklqana.
    20 | D        | Found an opulent altar of Gozag.
    21 | D        | Found a glowing golden altar of the Shining One.
    21 | D        | Found a glowing silver altar of Zin.
    21 | D        | Found a basalt altar of Yredelemnul.
    21 | D        | Found a shimmering altar of Xom.
    21 | D        | Found an ornate altar of the Wu Jian Council.
    21 | D        | Found a sacrificial altar of Ru.
    21 | D        | Found a stormy altar of Qazlal.
    21 | D        | Found an iron altar of Okawaru.
    21 | D        | Found a sparkling altar of Nemelex Xobeh.
    21 | D        | Found a burning altar of Makhleb.
    21 | D        | Found a blossoming altar of Fedhas.
    21 | D        | Found a white marble altar of Elyvilon.
    21 | D        | Found a shadowy altar of Dithmenos.
    21 | D        | Found a snail-covered altar of Cheibriados.
    23 | D        | Found a radiant altar of Vehumet.
    23 | D        | Found a corrupted altar of Lugonu.
    24 | D        | Found a hide-covered altar of Uskayaw.
    24 | D        | Found an ancient bone altar of Kikubaaqudgha.
    24 | D        | Found a broken altar of Ashenzari.
    28 | D        | Became a worshipper of Gozag Ym Sagoz the Greedy
    60 | D        | Noticed a glass eye
    83 | D        | Killed a glass eye
    84 | D        | Reached skill level 5 in Armour
    84 | D        | Reached skill level 7 in Unarmed Combat
    84 | D        | Reached XP level 2. HP: 16/16 MP: 3/3
    84 | D        | Reached XP level 3. HP: 20/20 MP: 4/4
    84 | D        | Reached XP level 4. HP: 25/25 MP: 5/5
    84 | D        | Reached XP level 5. HP: 29/29 MP: 6/6
   449 | D        | Reached skill level 8 in Unarmed Combat
   451 | D        | Noticed a water moccasin
   565 | D        | Killed a water moccasin
   566 | D        | Reached skill level 9 in Unarmed Combat
   566 | D        | Reached XP level 6. HP: 27/35 MP: 7/7
   731 | D        | Noticed an orc warrior
   731 | D        | Noticed a sky beast
   748 | D        | Killed an orc warrior
   758 | D        | Killed a sky beast
   759 | D        | Reached skill level 5 in Dodging
   759 | D        | Reached skill level 10 in Unarmed Combat
   759 | D        | Gained mutation: Your magical flight helps you evade
                  | attacks. (EV +4) [Tengu growth]
   759 | D        | Reached XP level 7. HP: 36/40 MP: 8/8
   890 | D        | Killed an unseen horror
   891 | D        | Reached skill level 11 in Unarmed Combat
   899 | D        | Reached XP level 8. HP: 31/45 MP: 9/9
  1154 | D        | Bought an amulet of regeneration for 300 gold pieces
  1154 | D        | Bought a blade talisman for 400 gold pieces
  1164 | D        | Noticed an elephant
  1177 | D        | Reached skill level 12 in Unarmed Combat
  1183 | D        | Killed an elephant
  1184 | D        | Reached skill level 13 in Unarmed Combat
  1318 | D        | Noticed a kobold demonologist
  1323 | D        | Killed a kobold demonologist
  1324 | D        | Reached skill level 14 in Unarmed Combat
  1337 | D        | Noticed a deep elf pyromancer
  1340 | D        | Killed a deep elf pyromancer
  1341 | D        | Reached skill level 15 in Unarmed Combat
  1341 | D        | Reached XP level 9. HP: 42/51 MP: 10/10
  1530 | D        | Noticed a death yak
  1530 | D        | Noticed an orange demon
  1538 | D        | HP: 2/48 [death yak (17)]
  1543 | D        | Killed a death yak
  1544 | D        | Reached skill level 16 in Unarmed Combat
  1547 | D        | Killed an orange demon
  1548 | D        | Reached skill level 17 in Unarmed Combat
  1732 | D        | Noticed a boulder beetle
  1742 | D        | Killed a boulder beetle
  1743 | D        | Reached skill level 18 in Unarmed Combat
  1743 | D        | Reached skill level 10 in Shapeshifting
  1743 | D        | Reached XP level 10. HP: 21/56 MP: 11/11
  1978 | D        | Noticed a cane toad
  1981 | D        | Killed a cane toad
  1992 | D        | Noticed a deep elf pyromancer
  1999 | D        | Killed a deep elf pyromancer
  2211 | D        | Reached skill level 19 in Unarmed Combat
  2213 | D        | Noticed a sea snake
  2225 | D        | Killed a sea snake
  2235 | D        | Reached skill level 10 in Armour
  2556 | D        | Bought a scroll labelled ONAEWO IKHLETEPT for 33 gold
                  | pieces
  2556 | D        | Bought a shiny pearl ring for 165 gold pieces
  2556 | D        | Bought a pink potion for 29 gold pieces
  2556 | D        | Bought a copper wand for 132 gold pieces
  2556 | D        | Bought a potion of lignification for 99 gold pieces
  2558 | D        | Noticed a merfolk avatar
  2571 | D        | Noticed an eight-headed hydra
  2572 | D        | Killed a merfolk avatar
  2573 | D        | Reached skill level 20 in Unarmed Combat
  2577 | D        | Killed an eight-headed hydra
  2580 | D        | Reached XP level 11. HP: 54/62 MP: 12/12
  2630 | D        | Killed a ghost moth
  2631 | D        | Reached skill level 5 in Fighting
  2631 | D        | Reached skill level 21 in Unarmed Combat
  2716 | D        | Noticed Grum
  2718 | D        | Noticed a death yak
  2728 | D        | Killed Grum
  2741 | D        | Killed a death yak
  2822 | D        | Noticed a bog body
  2827 | D        | Reached skill level 22 in Unarmed Combat
  2830 | D        | Killed a bog body
  2875 | D        | Noticed a white ugly thing
  2882 | D        | Killed a white ugly thing
  2973 | D        | Got the +9 long sword of Disgust {spect, rPois Int-4 Dex+4}
  2988 | D        | Learned a level 1 spell: Shock
  2992 | D        | Learned a level 3 spell: Swiftness
  2996 | D        | Bought a book of Lightning for 540 gold pieces
  3003 | D        | Learned a level 6 spell: Plasma Beam
  3187 | D        | Noticed a six-headed hydra
  3196 | D        | Killed a six-headed hydra
  3197 | D        | Reached skill level 1 in Spellcasting
  3197 | D        | Reached skill level 1 in Conjurations
  3197 | D        | Reached skill level 1 in Fire Magic
  3197 | D        | Reached skill level 1 in Air Magic
  3264 | D        | Noticed a flayed ghost
  3270 | D        | Killed a flayed ghost
  3288 | D        | Noticed an eidolon
  3289 | D        | Noticed a two-headed ogre
  3296 | D        | Killed an eidolon
  3297 | D        | Reached skill level 23 in Unarmed Combat
  3297 | D        | Reached XP level 12. HP: 46/71 MP: 16/16
  3299 | D        | Killed a two-headed ogre
  3511 | D        | Acquired 745 gold pieces
  3523 | D        | Found the +10 zealot's sword {holy, Zealotry, *Rage rN+
                  | EV+3}
  3523 | D        | Noticed a minotaur
  3523 | D        | Noticed an angel
  3523 | D        | Noticed a balrug
  3523 | D        | Noticed a sphinx
  3523 | D        | Noticed a naga warrior
  3523 | D        | Noticed a naga sharpshooter
  3530 | D        | Killed a naga warrior
  3531 | D        | Reached skill level 5 in Conjurations
  3540 | D        | Killed a sphinx
  3541 | D        | Reached skill level 5 in Air Magic
  3543 | D        | Killed an angel
  3549 | D        | Killed a minotaur
  3550 | D        | Reached skill level 5 in Fire Magic
  3559 | D        | Killed a balrug
  3565 | D        | Killed a naga sharpshooter
  3684 | D        | Bought a scroll labelled ONAEWO IKHLETEPT for 32 gold
                  | pieces
  3684 | D        | Bought an encrusted fluorescent wand for 128 gold pieces
  3684 | D        | Bought a potion of curing for 96 gold pieces
  3684 | D        | Bought a long iron wand for 128 gold pieces
  3684 | D        | Bought a pink potion for 28 gold pieces
  3684 | D        | Bought a wand of roots (7) for 537 gold pieces
  3684 | D        | Bought a red potion for 28 gold pieces
  3691 | D        | Noticed a death cob
  3691 | D        | Noticed a profane servitor
  3695 | D        | HP: 3/70 [profane servitor/+1 demon whip of venom (14)]
  3697 | D        | Slain by a profane servitor

Illustrated notes

Levels and vault maps discovered:
D:        pitsprint [storerooms_1, entrance_room_1, metal_vault_6, armoury_3,
          mini_pit_1, grid_room_1, main_hall_1, silver_pit, the_coven_3,
          the_vestibule_1, steel_vault_3, golden_pit, hallway_of_sentries,
          crystal_vault_4, iron_vault_2, final_vault]

Skill      XL: |  1  2  3  4  5  6  7  8  9 10 11 12 |
---------------+-------------------------------------+-----
Shapeshifting  | 6 7 8 9 10 11 12 13 | 13.7
Armour         | 5 6 8 9 10 | 10.9
Dodging        | 3 4 5 6 7 8 |  8.0
Unarmed Combat | 7 9 10 11 15 18 20 23 | 23.8
Fighting       | 2 3 4 6 8 |  8.1
Spellcasting   | 2 4 |  4.8
Conjurations   | 3 6 |  6.9
Fire Magic     | 3 5 |  5.6
Air Magic      | 3 6 |  6.6

Action                     |  1- 3 |  4- 6 |  7- 9 | 10-12 || total
---------------------------+-------+-------+-------+-------++-------
  Melee: Unarmed           |    22 |    36 |    63 |   170 ||   291
         Kick              |     7 |     7 |    22 |    40 ||    76
         Peck              |     5 |     2 |    10 |    28 ||    45
         Punch             |       |     3 |     2 |    17 ||    22
 Invoke: Call Merchant     |       |       |     1 |     3 ||     4
         Potion Petition   |       |       |       |     4 ||     4
    Use: Potion            |       |     1 |     3 |    17 ||    21
         Scroll            |       |       |       |     3 ||     3
   Stab: Distracted        |       |       |     1 |       ||     1
 Armour: Animal skin       |     2 |     4 |       |       ||     6
         Chain mail        |       |     9 |    21 |       ||    30
         Ring mail         |       |       |    14 |    87 ||   101
  Dodge: Dodged            |     7 |    19 |    32 |   127 ||   185
   Form: Blade             |       |       |     1 |       ||     1

Table legend: (Time is in decaauts)
 A = Elapsed time spent in this place.
 B = Non-inter-level travel time spent in this place.
 C = Inter-level travel time spent in this place.
 D = Time resting spent in this place.
 E = Time spent auto-exploring this place.
 F = Levels seen in this place.
 G = Mean time per level.
                   A        B        C        D        E       F      G
               +--------+--------+--------+--------+--------+-----+--------+
         Total |   3676 |   3610 |     66 |   2389 |      0 |   1 | 3676.0 |
       Dungeon |   3676 |   3610 |     66 |   2389 |      0 |   1 | 3676.0 |
               +--------+--------+--------+--------+--------+-----+--------+

Top non-repeatable levels by time:
       D: 3676 daAuts
